 Dungeon Crawl Stone Soup version 0.18.1-48-g4cf74bf (webtiles) character file.

19695 ascii the Cleaver (level 12, 0/112 HPs)
             Began as a Minotaur Berserker on Aug 20, 2016.
             Was a High Priest of Trog.
             Slain by a necromancer
             ... wielding a +0 dagger
              (2 damage)
             ... on level 13 of the Dungeon on Aug 23, 2016.
             The game lasted 01:33:53 (13208 turns).

ascii the Cleaver (Minotaur Berserker)             Turns: 13208, Time: 01:33:54

Health: 0/112      AC: 18    Str: 25    XL:     12   Next: 38%
Magic:  11/11      EV: 17    Int:  5    God:    Trog [*****.]
Gold:   410        SH:  6    Dex: 17    Spells: 0 memorised, 11 levels left

rFire  + . .     SeeInvis .     N - +1 broad axe (venom)
rCold  . . .     Gourm    .     V - +3 scale mail {rF+}
rNeg   . . .     Faith    .     z - +0 buckler
rPois  +         Spirit   .     B - +2 hat
rElec  .         Dismiss  .     (no cloak)
rCorr  .         Reflect  .     U - +1 pair of gloves {Dex+3}
SustAt .         Harm     .     w - +1 pair of boots
MR     .....                    (no amulet)
Stlth  ..........               O - ring of poison resistance
                                C - +3 ring of dexterity

@: not resistant to hostile enchantments, extremely unstealthy
A: retaliatory headbutt, horns 2
a: Berserk, Trog's Hand, Brothers in Arms, Burn Spellbooks, Renounce Religion


You were on level 13 of the Dungeon.
You worshipped Trog.
Trog was extremely pleased with you.
You were not hungry.

You visited 1 branch of the dungeon, and saw 13 of its levels.

You collected 648 gold pieces.
You spent 238 gold pieces at shops.

Inventory:

Hand Weapons
 a - a +0 shortbow
 n - a +2 executioner's axe of venom
 o - a +0 blowgun
 q - a +0 battleaxe
 t - a +2 war axe of electrocution
 N - a +1 broad axe of venom (weapon)
 R - a +2 trident of piercing
Missiles
 b - 18 arrows
 l - 6 needles of confusion
Armour
 u - a +0 plate armour
 w - a +1 pair of boots (worn)
 z - a +0 buckler (worn)
 B - a +2 hat (worn)
 F - a +2 pair of gloves
 U - a +1 pair of gloves of dexterity (worn)
 V - a +3 scale mail of fire resistance (worn)
Jewellery
 e - an uncursed amulet of the gourmand {unknown}
 m - a +2 ring of intelligence {unknown}
 r - an uncursed amulet of guardian spirit {unknown}
 C - a +3 ring of dexterity (left hand)
 M - a +2 amulet of reflection {unknown}
 O - a ring of poison resistance (right hand)
 S - a cursed ring of loudness {unknown}
 Y - an uncursed amulet of harm {unknown}
Scrolls
 g - a scroll of recharging
 h - 3 scrolls of fear
 i - 5 scrolls of blinking
 k - 2 scrolls of teleportation
 s - 2 scrolls of enchant armour
 v - a scroll of identify
 y - 2 scrolls of remove curse
 D - a scroll of magic mapping
 K - a scroll of noise
Potions
 c - a potion of beneficial mutation {unknown}
 d - 3 potions of cancellation {unknown}
 f - 3 potions of flight {unknown}
 j - 2 potions of lignification {unknown}
 E - 3 potions of haste {unknown}
 G - a potion of heal wounds {unknown}
 W - 3 potions of invisibility {unknown}
 X - 2 potions of curing {unknown}
Comestibles
 p - 3 beef jerkies
 x - a slice of pizza
 A - 2 bread rations


   Skills:
 + Level 11.9 Fighting
 + Level 13.0(13.4) Axes
 + Level 6.0(10.4) Polearms
 + Level 1.3 Throwing
 + Level 10.4 Armour
 + Level 10.2 Dodging
 + Level 1.2 Stealth
 + Level 7.1 Shields


You had 11 spell levels left.
You didn't know any spells.

Dungeon Overview and Level Annotations

Branches:
Dungeon (13/15)            Temple (0/1) D:4            Lair (0/8) D:11
    Orc (0/2) D:10
 Vaults: D:13-14

Altars:
Makhleb
Okawaru
Sif Muna
Xom

Shops:
D:7 [


Innate Abilities, Weirdness & Mutations

You reflexively headbutt those who attack you in melee.
You have a pair of horns on your head.


Message History

You block the wraith's attack. You block the human's attack.
You slash the yak!
You kill the yak!
Trog accepts your kill.
Your Axes skill increases to level 13!
You hit the human.
The human is poisoned.
The human is lightly wounded.
You hit the wraith but do no damage. You slash the yak!
The yak is almost dead.
The yak misses you. The wraith misses you. You furiously retaliate!
You headbutt the wraith, but do no damage.
You block the human's attack.
You barely miss the human.
The human is moderately wounded.
You hit the necromancer but do no damage.
The necromancer is poisoned.
You completely miss the wraith. You slash the yak!
You kill the yak!
Trog accepts your kill. The wraith hits you but does no damage.
The necromancer hits you with a dagger.
You die...

#.#
..####.#......##......#
. #.# .##
#.#.##...#..###..#.#
#.#
..#.##..##.####.....
#..
.....##..##.##.......
#..
..#####.........#....#
#.# #....>..###..####
##.#####.......# #..#
.......†.......# .....
.....}W@.......##.....#
......ppp.............#
...####.#.......#.....#
## #.##..###.# ....#
..##..# .# #####.... #
..... ....


You could see a necromancer, 2 humans and a wraith.

Vanquished Creatures
  A wizard (D:13)
  2 unseen horrors
  3 hill giants (D:10)
  A necromancer (D:13)
  An ugly thing (D:11)
  3 griffons (D:9)
  A manticore (D:13)
  An elephant (D:11)
  A gargoyle (D:13)
  6 trolls
  6 polar bears (D:9)
  2 wraiths
  24 yaks
  4 humans (D:13)
  A hungry ghost (D:6)
  2 mottled dragons
  3 hippogriffs
  A swamp drake (D:10)
  5 orc warriors
  2 ice beasts
  2 black bears
  3 sky beasts
  3 phantoms
  5 centaurs
  2 ogres
  2 crocodiles (D:11)
  2 big kobolds
  5 giant frogs
  2 wyvern zombies (D:11)
  A wyvern skeleton (D:9)
  3 scorpions
  10 killer bees
  3 jellies
  4 howler monkeys
  5 crimson imps
  A centaur zombie (D:6)
  3 centaur skeletons
  8 hounds
  3 iguanas
  7 orc priests
  10 orc wizards
  Jessica (D:2)
  3 giant frog skeletons
  Terence (D:2)
  10 worker ants
  6 sheep
  3 hound skeletons
  A hound zombie (D:9)
  2 worker ant zombies
  11 adders
  4 gnolls (D:7)
  2 shadow imps (D:9)
  2 worms
  6 giant geckos
  41 orcs
  10 bats
  2 giant cockroaches (D:5)
  7 goblins
  4 hobgoblins
  21 jackals
  2 quokkas
  2 giant gecko skeletons
  A giant gecko zombie (D:8)
  5 giant newts
  A jackal skeleton (D:4)
  14 kobolds
  A quokka skeleton (D:9)
  A quokka zombie (D:9)
  5 rats
  A fungus (D:11)
  3 plants (D:11)
327 creatures vanquished.

Vanquished Creatures (others)
  An orc wizard (D:3)
1 creature vanquished.

Grand Total: 328 creatures vanquished

Notes
Turn   | Place    | Note
--------------------------------------------------------------
     0 | D:1      | ascii the Minotaur Berserker began the quest for the Orb.
     0 | D:1      | Reached XP level 1. HP: 19/19 MP: 0/0
   291 | D:1      | Reached XP level 2. HP: 27/27 MP: 1/1
   701 | D:2      | Noticed Jessica
   719 | D:1      | Reached ** piety under Trog
  1183 | D:2      | Reached XP level 3. HP: 33/33 MP: 2/2
  1208 | D:2      | Noticed Terence
  1227 | D:2      | Killed Terence
  1420 | D:2      | Reached XP level 4. HP: 36/41 MP: 3/3
  1515 | D:2      | Killed Jessica
  2177 | D:3      | Reached XP level 5. HP: 10/47 MP: 4/4
  2437 | D:3      | Reached skill level 5 in Polearms
  3180 | D:3      | Reached skill level 5 in Fighting
  3182 | D:3      | Found a burning altar of Makhleb.
  3478 | D:4      | Reached *** piety under Trog
  3479 | D:4      | Reached XP level 6. HP: 56/56 MP: 5/5
  3509 | D:4      | Found a deep blue altar of Sif Muna.
  3990 | D:4      | Reached skill level 1 in Shields
  4212 | D:4      | Found a staircase to the Ecumenical Temple.
  4243 | D:5      | Entered Level 5 of the Dungeon
  4491 | D:5      | Reached XP level 7. HP: 61/61 MP: 6/6
  4549 | D:5      | Reached skill level 5 in Dodging
  4797 | D:6      | Reached skill level 1 in Axes
  4797 | D:6      | Reached skill level 5 in Armour
  4902 | D:6      | Found an iron altar of Okawaru.
  5200 | D:7      | Noticed a hungry ghost
  5202 | D:7      | Reached skill level 2 in Axes
  5235 | D:6      | Killed a hungry ghost
  5268 | D:7      | Reached skill level 3 in Axes
  5268 | D:7      | Reached XP level 8. HP: 59/70 MP: 7/7
  5759 | D:7      | Reached **** piety under Trog
  6001 | D:7      | Found a shimmering altar of Xom.
  6097 | D:7      | Found Geso's Antique Armour Shop.
  6113 | D:7      | Bought a pair of embroidered gloves for 126 gold pieces
  6113 | D:7      | Bought a shiny scale mail for 112 gold pieces
  6187 | D:7      | Reached skill level 4 in Axes
  6802 | D:8      | Reached skill level 5 in Axes
  6842 | D:9      | Reached XP level 9. HP: 73/79 MP: 8/8
  6943 | D:9      | Reached ***** piety under Trog
  6943 | D:9      | Reached skill level 6 in Axes
  7037 | D:9      | Reached skill level 7 in Axes
  7051 | D:9      | Noticed a polar bear
  7052 | D:9      | Found a huge runed gate.
  7052 | D:9      | Noticed a polar bear
  7052 | D:9      | Noticed a polar bear
  7052 | D:9      | Noticed a polar bear
  7053 | D:9      | Found a huge runed gate.
  7054 | D:9      | Noticed a griffon
  7054 | D:9      | Noticed a polar bear
  7054 | D:9      | Found a huge runed gate.
  7057 | D:9      | Noticed a griffon
  7065 | D:9      | Noticed a polar bear
  7097 | D:9      | Found a huge runed gate.
  7098 | D:9      | Noticed a griffon
  7115 | D:9      | Killed a polar bear
  7122 | D:9      | Killed a polar bear
  7123 | D:9      | Reached skill level 8 in Axes
  7129 | D:9      | Killed a polar bear
  7129 | D:9      | Reached XP level 10. HP: 56/91 MP: 9/9
  7131 | D:9      | Killed a griffon
  7182 | D:9      | Killed a griffon
  7666 | D:9      | Reached skill level 9 in Axes
  7681 | D:9      | Reached skill level 1 in Stealth
  7926 | D:9      | Killed a griffon
  8234 | D:9      | Reached skill level 10 in Fighting
  8351 | D:10     | Entered Level 10 of the Dungeon
  8418 | D:10     | Reached skill level 10 in Axes
  8421 | D:10     | Found a staircase to the Orcish Mines.
  8541 | D:10     | Noticed a hill giant
  8547 | D:10     | Killed a hill giant
  8547 | D:10     | Reached skill level 5 in Shields
  8547 | D:10     | Reached XP level 11. HP: 74/99 MP: 10/10
  8682 | D:10     | Noticed a hill giant
  8689 | D:10     | Noticed a hill giant
  8692 | D:10     | Killed a hill giant
  8700 | D:10     | Killed a hill giant
  9327 | D:10     | Killed an unseen horror
  9865 | D:11     | Noticed a red ugly thing
  9874 | D:11     | Killed a red ugly thing
  9874 | D:11     | Reached skill level 11 in Axes
  9911 | D:11     | Identified a scroll of acquirement
  9932 | D:11     | Found a staircase to the Lair.
 10234 | D:11     | Found a flagged portal.
 11260 | D:12     | Reached skill level 12 in Axes
 11296 | D:12     | Reached skill level 10 in Armour
 11603 | D:12     | Received a gift from Trog
 11665 | D:12     | Got a spiked chain mail
 12748 | D:13     | Reached XP level 12. HP: 74/110 MP: 11/11
 12749 | D:13     | Reached skill level 1 in Throwing
 13078 | D:13     | Reached skill level 10 in Dodging
 13206 | D:13     | HP: 2/112 [yak (7)]
 13207 | D:13     | Reached skill level 13 in Axes
 13208 | D:13     | Slain by a necromancer

Skill      XL: |  1  2  3  4  5  6  7  8  9 10 11 12 |
---------------+-------------------------------------+-----
Polearms       | 4 5 6 |  6.0
Fighting       | 4 5 6 7 9 10 11 | 11.9
Dodging        | 3 4 5 7 8 9 10 | 10.2
Armour         | 3 4 5 7 8 9 10 | 10.4
Shields        | 1 2 3 5 6 7 |  7.1
Axes           | 3 5 8 10 12 13 | 13.0
Stealth        | 1 |  1.2
Throwing       | 1 |  1.3

Action                   |  1- 3 |  4- 6 |  7- 9 | 10-12 || total
-------------------------+-------+-------+-------+-------++-------
Melee: Spear             |    79 |   134 |       |       ||   213
       Headbutt          |    14 |    36 |    50 |   138 ||   238
       War axe           |       |     7 |       |       ||     7
       Broad axe         |       |       |   202 |   437 ||   639
Throw: Tomahawk          |       |       |       |     9 ||     9
  Use: Scroll            |       |       |     1 |    17 ||    18
  Eat: Bread ration      |     1 |       |       |     1 ||     2
       Meat ration       |       |     2 |     4 |     2 ||     8
       Royal jelly       |       |       |     1 |       ||     1
       Pizza             |       |       |     1 |       ||     1
       Beef jerky        |       |       |       |     1 ||     1
Armor: Animal skin       |     8 |       |       |       ||     8
       Ring mail         |    14 |       |       |       ||    14
       Scale mail        |     6 |    68 |   129 |   251 ||   454
Dodge: Dodged            |    55 |    65 |   140 |   362 ||   622
Block: Buckler           |       |    14 |    47 |   131 ||   192
